 Dungeon Crawl Stone Soup version 0.31-a0-152-g6aa68a64a1 (webtiles) character file.

Game seed: 10541030871836309513

51 qw the Shooter (level 3, -6/31 HPs)
             Began as a Minotaur Hunter on June 9, 2023.
             Mangled by a gnoll
             ... wielding a +0 spear
              (7 damage)
             ... on level 2 of the Dungeon.
             The game lasted 00:00:19 (859 turns).

qw the Shooter (Minotaur Hunter)                     Turns: 859, Time: 00:00:20

Health: -6/31      AC:  4    Str: 15    XL:     3   Next: 57%
Magic:  2/2        EV: 12    Int:  6    God:
Gold:   60         SH:  0    Dex: 15    Spells: 2/2 levels left

rFire   . . .        a - +0 longbow (freeze)
rCold   . . .        (shield currently unavailable)
rNeg    . . .        c - +0 leather armour
rPois   .            (helmet restricted)
rElec   .            (no cloak)
rCorr   .            (no gloves)
SInv    .            e - +0 pair of boots
Will    .....        (no amulet)
Stlth   +            (no ring)
HPRegen 0.25/turn    (no ring)
MPRegen 0.08/turn

%: no passive effects
@: no status effects
A: horns 2, retaliatory headbutt
a: no special abilities


You were on level 2 of the Dungeon.
You visited 1 branch of the dungeon, and saw 2 of its levels.

You collected 60 gold pieces.


Innate Abilities, Weirdness & Mutations

You have a pair of horns on your head.
You reflexively headbutt those who attack you in melee.


   Skills:
 - Level 3.0 Fighting
 + Level 5.6 Ranged Weapons
 - Level 2.1 Dodging
 - Level 0.7 Stealth


You had 2 spell levels left.
You didn't know any spells.
Your spell library was empty.

Inventory:

Hand Weapons
 a - a +0 longbow of freezing (weapon)
Armour
 b - a +0 ring mail
 c - a +0 leather armour (worn)
 e - a +0 pair of boots (worn)
Jewellery
 h - an amulet of faith
Scrolls
 d - a scroll of enchant weapon {unknown}
 g - a scroll of enchant armour {unknown}
Potions
 f - 2 potions of degeneration {unknown}

Dungeon Overview and Level Annotations

Branches:
Dungeon (2/15)

Altars:


Message History

The arrow closely misses the ball python.
The ball python bites you but does no damage.
The ball python closely misses you.
You shoot an arrow. The arrow hits the ball python!
The ball python seems to slow down.
The arrow freezes the ball python.
You kill the ball python!
You shoot an arrow. The arrow hits the goblin!
The arrow freezes the goblin.
You kill the goblin!
You see here a ball python corpse.
You see here a +0 dagger.
A gnoll comes into view. It is wielding a +0 club.
The gnoll shouts!
You hear a shout!
A gnoll comes into view. It is wielding a +0 spear.
The gnoll shouts!
Enter note: You shoot an arrow.
The arrow hits the gnoll but does no damage.
A gnoll comes into view. It is wielding a +0 whip.
You shoot an arrow. The arrow closely misses the gnoll.
A gnoll comes into view. It is wielding a +0 spear.
You shoot an arrow. The gnoll shouts!
The arrow hits the gnoll.
The arrow freezes the gnoll.
The gnoll is moderately wounded.
You shoot an arrow. The arrow hits the gnoll!
The arrow freezes the gnoll.
You kill the gnoll!
The gnoll hits you from afar with a +0 spear!
You shoot an arrow. The arrow hits the gnoll.
The arrow freezes the gnoll.
The gnoll is heavily wounded.
The gnoll hits you from afar with a +0 spear.
The gnoll hits you from afar with a +0 spear!
You shoot an arrow. The arrow hits the gnoll.
The arrow freezes the gnoll.
The gnoll is heavily wounded.
The gnoll barely misses you. x2
You shoot an arrow. The arrow hits the gnoll!
The arrow freezes the gnoll.
You kill the gnoll!
The gnoll hits you from afar with a +0 spear. x2
The gnoll barely misses you.
The gnoll hits you from afar with a +0 spear!
You die...

.<.............#.
##......#%#####.
#......#....##:
#####......#....''.
#..........##...##. .
#....%#############
...###....)#############
..................#.....
#....g)@..........#.....
#.!..g.###........#.....
####### #........#.....
#........######
##########


You could see 2 gnolls.

Vanquished Creatures
  2 gnolls (D:2)
  An adder (D:2)
  3 bats
  5 endoplasms
  A giant cockroach (D:1)
  3 hobgoblins (D:1)
  3 kobolds
  A quokka (D:2)
  5 ball pythons
  4 frilled lizards
  4 goblins
  A rat (D:1)
33 creatures vanquished.

Notes
Turn   | Place    | Note
-------+----------+-------------------------------------------
     0 | D:1      | qw the Minotaur Hunter began the quest for the Orb.
     0 | D:1      | Reached XP level 1. HP: 18/18 MP: 0/0
     0 | D:1      | 0 ||| qw: Version: 0.2-a-122-gbc61b45
     0 | D:1      | 0 ||| qw: Game counter: 3471
     0 | D:1      | 0 ||| qw: Always use a shield: true
     0 | D:1      | 0 ||| qw: God list: Okawaru
     0 | D:1      | 0 ||| qw: Allow faded altars: false
     0 | D:1      | 0 ||| qw: Do Orc after D:15 true
     0 | D:1      | 0 ||| qw: Do second Lair branch before Depths: true
     0 | D:1      | 0 ||| qw: Lair rune preference: random
     0 | D:1      | 0 ||| qw: Plans: Normal
     0 | D:1      | 0 ||| PLANNING D:1-11
   274 | D:1      | Reached XP level 2. HP: 25/25 MP: 1/1
   277 | D:1      | Reached skill level 5 in Ranged Weapons
   541 | D:1      | 541 ||| UPGRADING to +0 pair of boots.
   546 | D:1      | 546 ||| READING scroll labelled YHULUQ TEAXERI.
   546 | D:1      | Identified a scroll of acquirement
   546 | D:1      | 546 ||| ACQUIRING +0 longbow of freezing
   546 | D:1      | Acquired a +0 longbow of freezing
   548 | D:1      | 548 ||| SWAPPING to +0 longbow of freezing.
   549 | D:1      | 549 ||| DROPPING +0 shortbow.
   550 | D:1      | 550 ||| DROPPING scroll of butterflies.
   587 | D:2      | Reached skill level 3 in Fighting
   641 | D:2      | Reached XP level 3. HP: 31/31 MP: 2/2
   859 | D:2      | HP: 7/31 [gnoll/+0 spear (2)]
   859 | D:2      | HP: 1/31 [gnoll/+0 spear (6)]
   859 | D:2      | Mangled by a gnoll

Levels and vault maps discovered:
D:1:      saegor_arrival_simple_e, layout_basic
D:2:      layout_basic, hellmonk_ecumenical_altar_heavens_door,
          nicolae_grassy_gnolls

Skill      XL: |  1  2 |
---------------+-------+-----
Ranged Weapons | 5 |  5.6
Fighting       | 3 |  3.0
Dodging        | |  2.1
Stealth        | |  0.7

Action                     || total
---------------------------++-------
   Fire: Shortbow          ||    46
         Longbow           ||    31
    Use: Scroll            ||     1
 Armour: Leather armour    ||    11
  Dodge: Dodged            ||    21

Table legend:
 A = Non-vault XP
 B = Vault XP
 C = Vault XP percentage of total XP
 D = Non-vault monster count
 E = Vault monster count
 F = Vault count percentage of total count
                 A         B        C        D         E       F
            +---------+---------+-------+---------+---------+-------
      Total |      59 |      29 |  33.0 |      31 |       2 |   6.1
            +---------+---------+-------+---------+---------+-------
        D:1 |      28 |       0 |   0.0 |      18 |       0 |   0.0
        D:2 |      31 |      29 |  48.3 |      13 |       2 |  13.3
            +---------+---------+-------+---------+---------+-------
